 Dungeon Crawl Stone Soup version 0.25.1-8-g42b30a86e7 (console) character file.

Game seed: 4136680562799607990

8795 thromnambular the Martial Artist (level 11, -8/83 HPs)
             Began as a Gnoll Transmuter on Dec 20, 2020.
             Was a High Priest of Cheibriados.
             Mangled by a gnoll sergeant
             ... wielding a +3 spear
              (17 damage)
             ... on level 10 of the Dungeon.
             The game lasted 00:50:03 (10906 turns).

thromnambular the Martial Artist (GnTm)            Turns: 10906, Time: 00:50:04

Health: -8/83      AC:  2    Str: 33    XL:     11   Next: 36%
Magic:  5/23       EV: 21    Int: 36    God:    Cheibriados [*****.]
Gold:   92         SH:  5    Dex: 33    Spells: 1/26 levels left

rFire    . . .     SeeInvis .     - Unarmed
rCold    . . .     Gourm    .   (shield currently unavailable)
rNeg     . . .     Faith    .   b - +0 robe
rPois    +         Spirit   .   B - +0 helmet
rElec    .         Reflect  +   F - scarf {repulsion}
rCorr    .         Harm     .   (gloves currently unavailable)
MR       .....                  (no boots)
Stlth    ++++......             y - amulet "Ycrohira" {Reflect +Fly Str+4 Int+2 Dex+4 SH+5}
HPRegen  0.23/turn              e - +6 ring of intelligence
MPRegen  0.18/turn              a - ring of poison resistance

@: about to teleport, blade hands, very slightly contaminated, studying Air
Magic, repel missiles, very slow
A: distributed training, fangs 1, deformed body, mutation resistance 1, strong
nose
a: End Transformation, Bend Time, Temporal Distortion, Slouch, Step From Time,
Renounce Religion, Evoke Flight


You were on level 10 of the Dungeon.
You worshipped Cheibriados.
Cheibriados was extremely pleased with you.
You were hungry.
You had blades for hands.
You visited 1 branch of the dungeon, and saw 10 of its levels.

You collected 610 gold pieces.
You spent 518 gold pieces at shops.

Inventory:

Missiles
 h - 3 javelins (quivered)
 i - 5 silver javelins
Armour
 b - a +0 robe (worn)
 c - a +2 pair of gloves (melded)
 k - a +0 cloak
 A - a +2 ring mail of cold resistance
 B - a +0 helmet (worn)
 F - a scarf of repulsion (worn)
Jewellery
 a - a ring of poison resistance (right scythe-like blade)
 e - a +6 ring of intelligence (left scythe-like blade)
 m - a +4 ring of evasion
 y - the amulet "Ycrohira" (around neck) {Reflect +Fly Str+4 Int+2 Dex+4 SH+5}
   (You bought it in a shop on level 5 of the Dungeon)

   [amulet of reflection]

   It shields you and reflects attacks.
   It affects your strength (+4).
   It affects your intelligence (+2).
   It affects your dexterity (+4).
   It lets you fly.
   It affects your SH (+5).
Wands
 j - a wand of polymorph (13)
 C - a wand of enslavement (17)
Scrolls
 n - 7 scrolls of teleportation
 s - 2 scrolls of amnesia
 u - 2 scrolls of enchant weapon
 v - 7 scrolls of identify
 w - 2 scrolls of magic mapping
 x - a scroll of fog
 z - 8 scrolls of remove curse
Potions
 g - 3 potions of curing
 l - a potion of invisibility
 o - 2 potions of flight
 p - a potion of berserk rage {unknown}
 q - 2 potions of magic
 r - a potion of brilliance
 t - 2 potions of stabbing
 E - a potion of heal wounds
Books
 f - a manual of Air Magic
Comestibles
 d - 23 rations


   Skills:
 + Level 6.7 Fighting
 + Level 6.1 Short Blades
 + Level 6.1 Long Blades
 + Level 6.1 Axes
 + Level 6.1 Maces & Flails
 + Level 6.1 Polearms
 + Level 6.1 Staves
 + Level 6.1 Slings
 + Level 6.1 Bows
 + Level 6.1 Crossbows
 + Level 6.1 Throwing
 + Level 6.1 Armour
 + Level 7.7 Dodging
 + Level 6.1 Stealth
 + Level 6.1 Shields
 + Level 9.0 Unarmed Combat
 + Level 8.0 Spellcasting
 + Level 5.0 Conjurations
 + Level 5.0 Hexes
 + Level 5.0 Charms
 + Level 5.0 Summonings
 + Level 5.0 Necromancy
 + Level 5.0 Translocations
 + Level 6.4 Transmutations
 + Level 5.0 Fire Magic
 + Level 5.0 Ice Magic
 + Level 6.8 Air Magic
 + Level 5.0 Earth Magic
 + Level 5.0 Poison Magic
 + Level 6.7 Invocations
 + Level 6.1 Evocations


You had one spell level left.
You knew the following spells:

 Your Spells              Type           Power        Failure   Level  Hunger
a - Beastly Appendage     Tmut           ######       9%          1    None
b - Blade Hands           Tmut           ######....   34%         5    ###....
c - Metabolic Englaciati  Hex/Ice        ######....   45%         5    ###....
d - Confusing Touch       Hex            ######..     16%         3    None
e - Gell's Gravitas       Tloc           ######....   16%         3    None
f - Petrify               Tmut/Erth      ######..     24%         4    None
g - Olgreb's Toxic Radia  Pois           ######..     28%         4    None

Your spell library contained the following spells:

 Spells                   Type           Power        Failure   Level  Hunger
 Sting                    Tmut/Pois      ####         10%         1    None
 Sticks to Snakes         Tmut           ######..     10%         2    None
 Poisonous Vapours        Pois/Air       ######       11%         2    None
 Ignite Poison            Fire/Tmut/Pois ######..     14%         3    None
 Mephitic Cloud           Conj/Pois/Air  ######..     14%         3    None
 Spider Form              Tmut/Pois      ######....   14%         3    None
 Ice Form                 Ice/Tmut       ######..     24%         4    None
 Yara's Violent Unravell  Hex/Tmut       ######....   41%         5    ###....


Dungeon Overview and Level Annotations

Branches:
Dungeon (10/15)            Temple (0/1) D:5            Lair (0/6) D:10
    Orc (0/2) D:10

Altars:
Ashenzari
Cheibriados
Dithmenos
Elyvilon
Fedhas
Hepliaklqana
Makhleb
Nemelex Xobeh
Okawaru
Uskayaw
Vehumet
Wu Jian
Yredelemnul
Zin
The Shining One

Shops:
D:5 *   D:9 !


Innate Abilities, Weirdness & Mutations

Your experience applies equally to all skills.
You have very sharp teeth.
Your uncanny sense of smell can sniff out nearby items.
Armour fits poorly on your strangely shaped body.
You are somewhat resistant to further mutation.


Message History

You kill the ogre!
Cheibriados thoroughly appreciates the change of pace.
Cheibriados raises the support of your attributes as your movement slows.
The gnoll sergeant is no longer moving slowly.
The big kobold looks more healthy.
The troll bites you!! The troll misses you. The troll claws you!
The gnoll sergeant hits you from afar with a +3 spear!
* * * LOW HITPOINT WARNING * * *
You don't have enough magic at the moment.
As you read the scroll of teleportation, it crumbles to dust.
You feel strangely unstable. You block the troll's attack. The troll claws you!
* * * LOW HITPOINT WARNING * * *
The troll claws you!
* * * LOW HITPOINT WARNING * * *
You block the gnoll sergeant's attack.
You feel much better.
The big kobold looks more healthy.
The troll bites you!!
* * * LOW HITPOINT WARNING * * *
The troll barely misses you. You block the troll's attack.
The gnoll sergeant hits you from afar with a +3 spear!
You die... .#.....#.#### .#.#.#......######## .......#.##.##8)..8# .....#.#.##.##...).# .#...#.#.....#..>..# .......####.##.oOKK# ##.########.## OgK8

.............###T#####
##.#########...(@....#
......### #########.#
###.....###
#.........##∆
..P........#
............
...[.>......
).P)(.......
...).......#


You could see a troll (poisoned), 3 big kobolds, 2 ogres, a gnoll sergeant and
an orc.

Vanquished Creatures
  A two-headed ogre (D:9)
  2 trolls (D:10)
  A hornet (D:8)
  A hippogriff (D:4)
  9 yaks (D:10)
  3 hungry ghosts
  2 wargs (D:10)
  An acid dragon (D:9)
  A water moccasin (D:8)
  7 orc warriors
  2 sky beasts
  5 ice beasts
  3 phantoms
  A necrophage (D:6)
  8 ogres
  A crocodile (D:7)
  A centaur (D:10)
  2 big kobolds (D:10)
  Blork the orc (D:6)
  5 bullfrogs
  2 gnoll sergeants
  6 killer bees (D:8)
  4 scorpions
  8 wights
  2 crimson imps
  2 bullfrog zombies
  6 hounds
  Crazy Yiuf (D:2)
  5 orc priests
  A jelly (D:6)
  Jessica (D:2)
  6 iguanas
  5 worker ants
  6 orc wizards
  A killer bee zombie (D:9)
  A hound skeleton (D:4)
  A worker ant zombie (D:7)
  Robin (D:2)
  13 gnolls
  10 adders
  A shadow imp (D:8)
  A white imp (D:6)
  An ooze (D:5)
  2 worms
  3 dart slugs
  4 leopard geckos
  36 orcs
  2 ball pythons (D:4)
  8 bats
  2 giant cockroaches
  15 goblins
  12 hobgoblins
  13 jackals
  3 quokkas
  6 frilled lizards
  A goblin zombie (D:6)
  A hobgoblin zombie (D:6)
  5 kobolds
  A kobold skeleton (D:6)
  4 kobold zombies (D:6)
  An orc skeleton (D:6)
  An orc zombie (D:6)
  2 quokka skeletons
  7 rats
271 creatures vanquished.

Vanquished Creatures (others)
  A giant cockroach (D:4)
1 creature vanquished.

Grand Total: 272 creatures vanquished

Notes
Turn   | Place    | Note
-------+----------+-------------------------------------------
     0 | D:1      | thromnambular the Gnoll Transmuter began the quest for the
                  | Orb.
     0 | D:1      | Reached XP level 1. HP: 17/17 MP: 6/6
   121 | D:1      | Reached XP level 2. HP: 23/23 MP: 7/7
   145 | D:1      | Found a snail-covered altar of Cheibriados.
   154 | D:1      | Became a worshipper of Cheibriados the Contemplative
   259 | D:1      | Reached XP level 3. HP: 24/28 MP: 9/9
   266 | D:1      | Reached skill level 5 in Spellcasting
   430 | D:1      | Reached skill level 1 in Invocations
   632 | D:1      | Reached * piety under Cheibriados
   763 | D:1      | Reached skill level 1 in Short Blades
   763 | D:1      | Reached skill level 1 in Long Blades
   763 | D:1      | Reached skill level 1 in Axes
   763 | D:1      | Reached skill level 1 in Maces & Flails
   763 | D:1      | Reached skill level 1 in Polearms
   763 | D:1      | Reached skill level 1 in Staves
   763 | D:1      | Reached skill level 1 in Slings
   763 | D:1      | Reached skill level 1 in Bows
   763 | D:1      | Reached skill level 1 in Crossbows
   763 | D:1      | Reached skill level 1 in Throwing
   763 | D:1      | Reached skill level 1 in Armour
   763 | D:1      | Reached skill level 1 in Stealth
   763 | D:1      | Reached skill level 1 in Shields
   763 | D:1      | Reached skill level 1 in Evocations
   944 | D:2      | Found a blossoming altar of Fedhas.
   956 | D:2      | Reached XP level 4. HP: 34/34 MP: 11/11
  1048 | D:2      | Noticed Jessica
  1055 | D:2      | Killed Jessica
  1158 | D:2      | Reached ** piety under Cheibriados
  1158 | D:2      | Reached skill level 1 in Conjurations
  1158 | D:2      | Reached skill level 1 in Hexes
  1158 | D:2      | Reached skill level 1 in Charms
  1158 | D:2      | Reached skill level 1 in Summonings
  1158 | D:2      | Reached skill level 1 in Necromancy
  1158 | D:2      | Reached skill level 1 in Translocations
  1158 | D:2      | Reached skill level 1 in Fire Magic
  1158 | D:2      | Reached skill level 1 in Ice Magic
  1158 | D:2      | Reached skill level 1 in Air Magic
  1158 | D:2      | Reached skill level 1 in Earth Magic
  1158 | D:2      | Reached skill level 1 in Poison Magic
  1325 | D:2      | Noticed Robin
  1345 | D:2      | Reached XP level 5. HP: 11/40 MP: 10/12
  1353 | D:2      | Killed Robin
  1723 | D:2      | Found a runed translucent door.
  1724 | D:2      | Noticed Crazy Yiuf
  1735 | D:2      | Killed Crazy Yiuf
  2063 | D:3      | Reached *** piety under Cheibriados
  2335 | D:3      | Learned a level 5 spell: Blade Hands
  2706 | D:4      | Reached XP level 6. HP: 29/47 MP: 13/13
  2826 | D:4      | Noticed a hippogriff
  2834 | D:4      | Killed a hippogriff
  2834 | D:4      | Reached skill level 5 in Dodging
  2837 | D:4      | Reached XP level 7. HP: 52/52 MP: 4/15
  2932 | D:4      | Gained mutation: You are weak. (Str -2) [mutagenic glow]
  2966 | D:4      | Found a radiant altar of Vehumet.
  3019 | D:4      | Reached skill level 7 in Unarmed Combat
  3161 | D:4      | Found a snail-covered altar of Cheibriados.
  3163 | D:4      | Found an ornate altar of the Wu Jian Council.
  3289 | D:4      | Noticed a hungry ghost
  3296 | D:4      | Killed a hungry ghost
  3352 | D:4      | Reached **** piety under Cheibriados
  3352 | D:4      | Reached XP level 8. HP: 57/60 MP: 16/16
  3592 | D:4      | Found a burning altar of Makhleb.
  3595 | D:4      | Found a hide-covered altar of Uskayaw.
  3597 | D:4      | Found a white marble altar of Elyvilon.
  3790 | D:5      | Entered Level 5 of the Dungeon
  4291 | D:5      | Found a staircase to the Ecumenical Temple.
  4339 | D:5      | Found Sotwal's Assorted Antiques.
  4348 | D:5      | Bought a serpentine crystal amulet for 140 gold pieces
  4348 | D:5      | Bought a scroll of remove curse for 84 gold pieces
  4348 | D:5      | Identified the amulet "Ycrohira" {Reflect +Fly Str+4 Int+2
                  | Dex+4 SH+5} (You bought it in a shop on level 5 of the
                  | Dungeon)
  5336 | D:6      | Gained mutation: Your spells are a little easier to cast,
                  | but a little less powerful. [mutagenic glow]
  5372 | D:6      | Reached XP level 9. HP: 65/65 MP: 18/18
  5424 | D:6      | Reached skill level 5 in Transmutations
  5837 | D:6      | Reached ***** piety under Cheibriados
  5839 | D:6      | Noticed Blork the orc
  5848 | D:6      | Killed Blork the orc
  5882 | D:6      | Found a glowing golden altar of the Shining One.
  6166 | D:6      | Reached skill level 5 in Fighting
  6217 | D:6      | Found a glowing silver altar of Zin.
  7239 | D:7      | Found a sparkling altar of Nemelex Xobeh.
  7464 | D:8      | Reached skill level 8 in Unarmed Combat
  7678 | D:8      | Reached skill level 5 in Invocations
  7758 | D:8      | Found an iron altar of Okawaru.
  7780 | D:8      | Reached skill level 5 in Air Magic
  7788 | D:8      | Reached XP level 10. HP: 26/74 MP: 16/20
  8095 | D:8      | Found a hazy altar of Hepliaklqana.
  8095 | D:8      | Found a shadowy altar of Dithmenos.
  8647 | D:9      | Noticed a two-headed ogre
  8650 | D:9      | Killed a two-headed ogre
  8650 | D:9      | Reached skill level 5 in Short Blades
  8650 | D:9      | Reached skill level 5 in Long Blades
  8650 | D:9      | Reached skill level 5 in Axes
  8650 | D:9      | Reached skill level 5 in Maces & Flails
  8650 | D:9      | Reached skill level 5 in Polearms
  8650 | D:9      | Reached skill level 5 in Staves
  8650 | D:9      | Reached skill level 5 in Slings
  8650 | D:9      | Reached skill level 5 in Bows
  8650 | D:9      | Reached skill level 5 in Crossbows
  8650 | D:9      | Reached skill level 5 in Throwing
  8650 | D:9      | Reached skill level 5 in Armour
  8650 | D:9      | Reached skill level 5 in Stealth
  8650 | D:9      | Reached skill level 5 in Shields
  8650 | D:9      | Reached skill level 5 in Evocations
  8994 | D:9      | Learned a level 5 spell: Metabolic Englaciation
  8998 | D:9      | Learned a level 3 spell: Confusing Touch
  9002 | D:9      | Learned a level 3 spell: Gell's Gravitas
  9035 | D:9      | Found the +3 robe of Folly {Archmagi, MR-- Int+5}
  9103 | D:9      | Found Ovoumn's Distillery.
  9108 | D:9      | Bought a potion of heal wounds for 70 gold pieces
  9108 | D:9      | Bought a potion of heal wounds for 70 gold pieces
  9108 | D:9      | Bought a potion of curing for 42 gold pieces
  9108 | D:9      | Bought a potion of mutation for 112 gold pieces
  9108 | D:9      | Lost mutation: Your spells are a little easier to cast, but
                  | a little less powerful. [potion of mutation]
  9108 | D:9      | Lost mutation: You are weak. (Str -2) [potion of mutation]
  9108 | D:9      | Gained mutation: Armour fits poorly on your strangely
                  | shaped body. [potion of mutation]
  9108 | D:9      | Gained mutation: You are somewhat resistant to further
                  | mutation. [potion of mutation]
  9159 | D:9      | Learned a level 4 spell: Petrify
  9196 | D:9      | Found a basalt altar of Yredelemnul.
  9345 | D:9      | Found a shattered altar of Ashenzari.
  9581 | D:10     | Entered Level 10 of the Dungeon
  9685 | D:10     | Found a staircase to the Lair.
  9889 | D:10     | Reached XP level 11. HP: 82/82 MP: 16/22
 10515 | D:10     | Reached skill level 9 in Unarmed Combat
 10525 | D:10     | Reached skill level 5 in Conjurations
 10525 | D:10     | Reached skill level 5 in Hexes
 10525 | D:10     | Reached skill level 5 in Charms
 10525 | D:10     | Reached skill level 5 in Summonings
 10525 | D:10     | Reached skill level 5 in Necromancy
 10525 | D:10     | Reached skill level 5 in Translocations
 10525 | D:10     | Reached skill level 5 in Fire Magic
 10525 | D:10     | Reached skill level 5 in Ice Magic
 10525 | D:10     | Reached skill level 5 in Earth Magic
 10525 | D:10     | Reached skill level 5 in Poison Magic
 10834 | D:10     | Learned a level 4 spell: Olgreb's Toxic Radiance
 10888 | D:10     | Found a staircase to the Orcish Mines.
 10905 | D:10     | HP: 4/83 [troll (8)]
 10906 | D:10     | Mangled by a gnoll sergeant

Illustrated notes

Levels and vault maps discovered:
D:1:      dpeg_arrival_tiny_b, layout_basic, cheibriados_altar_1
D:2:      layout_basic, fedhas_altar_2, uniq_jessica, uniq_robin,
          uniq_crazy_yiuf_cottage
D:3:      layout_basic, first_ration, minmay_misc_feat_encased
D:4:      layout_loops_ring, fiery_altar_vehumet,
          nicolae_overflow_hidden_temple, minmay_misc_feat_five,
          minmay_manual_maat
D:5:      layout_cave_pools, minmay_temple_entry_ruins, serial_shops, shop
D:6:      layout_loops_ring, nicolae_tso_besieged_by_evil, zin_scriptorium,
          uniq_blork_the_orc
D:7:      layout_loops_ring, nemelex_xobeh_ov_fountains_minmay
D:8:      layout_loops_ring, riverfiend_overflow_shadow_ancestor,
          lemuel_doored_altar
D:9:      hangedman_cross_stitches, layout_loops_cross,
          overflow_temple_1_default, serial_shops, shop, basic_altar
D:10:     layout_basic, erik_lair_orcish_takeover,
          kennysheep_orc_monster_closet_entryway, hex_medium

Skill      XL: |  1  2  3  4  5  6  7  8  9 10 11 |
---------------+----------------------------------+-----
Spellcasting   | 5 6 7 8 |  8.0
Invocations    | 1 2 3 4 5 6 |  6.7
Short Blades   | 1 2 3 4 5 6 |  6.1
Long Blades    | 1 2 3 4 5 6 |  6.1
Axes           | 1 2 3 4 5 6 |  6.1
Maces & Flails | 1 2 3 4 5 6 |  6.1
Polearms       | 1 2 3 4 5 6 |  6.1
Staves         | 1 2 3 4 5 6 |  6.1
Slings         | 1 2 3 4 5 6 |  6.1
Bows           | 1 2 3 4 5 6 |  6.1
Crossbows      | 1 2 3 4 5 6 |  6.1
Throwing       | 1 2 3 4 5 6 |  6.1
Armour         | 1 2 3 4 5 6 |  6.1
Stealth        | 1 2 3 4 5 6 |  6.1
Shields        | 1 2 3 4 5 6 |  6.1
Evocations     | 1 2 3 4 5 6 |  6.1
Conjurations   | 1 2 3 4 5 |  5.0
Hexes          | 1 2 3 4 5 |  5.0
Charms         | 1 2 3 4 5 |  5.0
Summonings     | 1 2 3 4 5 |  5.0
Necromancy     | 1 2 3 4 5 |  5.0
Translocations | 1 2 3 4 5 |  5.0
Fire Magic     | 1 2 3 4 5 |  5.0
Ice Magic      | 1 2 3 4 5 |  5.0
Air Magic      | 1 2 3 5 6 |  6.8
Earth Magic    | 1 2 3 4 5 |  5.0
Poison Magic   | 1 2 3 4 5 |  5.0
Fighting       | 3 4 5 6 |  6.7
Transmutations | 4 5 6 |  6.4
Dodging        | 5 6 7 |  7.7
Unarmed Combat | 7 8 9 |  9.0

Action                   |  1- 3 |  4- 6 |  7- 9 | 10-12 || total
-------------------------+-------+-------+-------+-------++-------
Melee: Unarmed           |    61 |   123 |   279 |   117 ||   580
       Punch             |     3 |     5 |    16 |     5 ||    29
       Kick              |     4 |     9 |    12 |       ||    25
       Bite              |     3 |    13 |    62 |    16 ||    94
       Headbutt          |       |     4 |     3 |       ||     7
Throw: Javelin           |    18 |    10 |     7 |     8 ||    43
 Cast: Beastly Appendage |     5 |    11 |     6 |       ||    22
       Blade Hands       |       |     1 |    16 |    18 ||    35
       Petrify           |       |       |       |     2 ||     2
       Gell's Gravitas   |       |       |       |     3 ||     3
       Olgreb's Toxic Ra |       |       |       |     1 ||     1
       Metabolic Englaci |       |       |       |     1 ||     1
Invok: Slouch            |       |       |       |     5 ||     5
Evoke: Wand              |       |       |       |     2 ||     2
  Use: Potion            |       |     3 |     4 |     2 ||     9
       Scroll            |       |     8 |     3 |     2 ||    13
 Stab: Sleeping          |     2 |     1 |    11 |     5 ||    19
       Petrifying        |       |       |       |     2 ||     2
       Distracted        |       |       |       |     1 ||     1
  Eat: Chunk             |       |     2 |    13 |     9 ||    24
Armor: Robe              |     9 |    10 |    21 |     7 ||    47
       Skin              |       |    13 |       |       ||    13
       Scale mail        |       |     2 |       |       ||     2
Dodge: Dodged            |    48 |    97 |   195 |    82 ||   422
       Repelled          |       |       |       |     1 ||     1
Block: Other             |       |       |    34 |    15 ||    49
       Reflection        |       |       |     3 |       ||     3
